[Event "Early-Titled-Tuesday-Blitz-April-02-2024"]
[Site "Chess.com"]
[Date "2024.04.02"]
[Round "6"]
[White "TrompeterImEther"]
[Black "madmax011"]
[Result "1-0"]
[WhiteElo "2548"]
[BlackElo "2367"]
[TimeControl "180+1"]
[EndTime "9:08:17 PDT"]
[Termination "TrompeterImEther won by resignation"]

1. e4 c5 2. Nf3 d6 3. d4 cxd4 4. Nxd4 Nf6 5. Nc3 a6 6. f3 e6 7. Be3 Be7 8. Qd2 b5 9. O-O-O Bb7 10. g4 Nc6 11. g5 Nd7 12. Nxc6 Bxc6 13. h4 Qc7 14.
Bd4 f6 15. Bh3 e5 16. Bxd7+ Qxd7 17. Be3 O-O-O 18. gxf6 Bxf6 19. Bb6 Rdf8 20. Qxd6 Qxd6 21. Rxd6 Kb7 22. Ba5 Be7 23. Rd3 Rf4 24. Nd5 Bxd5 25. Rxd5 Bxh4 26. Rxe5 Rhf8 27. c3 h6 28. Bb4 R8f7 29.
Kc2 Bg5 30. Rd1 Rxf3 31. Re6 Rf2+ 32. Kb3 R2f6 33. Re5 Bf4 34. Red5 Re6 35. Rd7+ Rxd7 36. Rxd7+ Kb6 37. Rxg7 Rxe4 38. a4 bxa4+ 39. Kxa4 Re6 40. c4 Be3 41. b3 h5 42. Rh7 Re5 43. Bc3 Rf5 44.
Re7 Bc5 45. Re6+ Kb7 46. b4 Bf2 47. c5 h4 48. Rh6 Rf7 49. Ka5 Bg3 50. Bd4 Rf1 51.
Rh7+ Kc6 52. Kxa6 Rd1 53. Rh6+ Kd5 54. Bf6 Rf1 55. Rh5+ Kc4 56. Be7 Ra1+ 57. Kb7 Kxb4 58.
c6+ Kb3 59. Rh6 Rc1 60. Bxh4 Bf4 61. Rh5 Kb4 62. Be7+ Kb3 63. Rh4 Be5 64. Rb4+ Ka3 65. Rb5+ Ka4 66. Rxe5 Rb1+ 67. Kc7 Rc1 68. Kd7 Rd1+ 69.
Bd6 Rc1 70. c7 Kb3 71. c8=Q 1-0

[Event "Early-Titled-Tuesday-Blitz-April-02-2024"]
[Site "Chess.com"]
[Date "2024.04.02"]
[Round "6"]
[White "Predator0608"]
[Black "Rurep26"]
[Result "0-1"]
[WhiteElo "2559"]
[BlackElo "2725"]
[TimeControl "180+1"]
[EndTime "9:08:19 PDT"]
[Termination "Rurep26 won by resignation"]

1. e4 e6 2. d4 d5 3. Nc3 Bb4 4. e5 c5 5. a3 Bxc3+ 6. bxc3 Qc7 7. Qg4 f5 8. Qg3 cxd4 9. Ne2 Nc6 10. cxd4 Nge7 11. Bd2 O-O 12. Qe3 f4 13. Qd3 Nf5 14. g4 Nfxd4 15. Nxd4 Qxe5+ 16. Be2 Qxd4 17. Bc3 Qxd3 18.
cxd3 f3 19. Bd1 d4 20. Bb2 e5 21. h3 Be6 22. Kd2 Rac8 23. Re1 Bd5 24. Rc1 b6 25. Ba4 Rfe8 26. Bxc6 Rxc6 27. Rxc6 Bxc6 28. Rc1 Re6 29. Kc2 Kf7 30. Kb3 Ke7 31. Kb4 Kd7 32. Re1 Kd6 33. Kc4 a6 34. Kb4 Bb5 35.
Rd1 Kd5 36. a4 Bd7 37. Rc1 a5+ 38. Kb3 Rc6 39. Rxc6 Bxc6 40. Bc1 e4 41. dxe4+ Kxe4 42. Bg5 d3 43. Bd8 Bxa4+ 44. Kc3 b5 45. Bxa5 Bd1 46. Bb4 g6 47. Kd2 Be2 48. Bc3 g5 49. Bf6 Kf4 50. Be7 Bf1 51. Bd6+ Ke4 52. Be7 Bxh3 53. Bxg5 Bxg4 54. Bh6 Be6 55. Kc3 Bc4 56. Bg5 Kf5 57. Bh6 Kg4 58. Kd2 Kh5 59. Bf8 Kg6 60. Be7 h5 61.
Bh4 Kf5 62. Ke3 Kg4 63. Bg3 h4 64. Bh2 Kh3 65. Bd6 Kg2 66. Bc5 h3 67. Bd6 h2 68.
Bxh2 Kxh2 69. Kf4 d2 70. Kg4 d1=Q 71. Kh4 Qe2 72. Kh5 b4 73. Kh6 b3 74. Kh7 b2 0-1

[Event "Early-Titled-Tuesday-Blitz-April-02-2024"]
[Site "Chess.com"]
[Date "2024.04.02"]
[Round "6"]
[White "Massakru"]
[Black "SlavenPastar"]
[Result "1/2-1/2"]
[WhiteElo "2389"]
[BlackElo "2546"]
[TimeControl "180+1"]
[EndTime "9:08:20 PDT"]
[Termination "Game drawn by stalemate"]

1. e4 b6 2. d4 Bb7 3. Bd3 Nf6 4. Qe2 e6 5. Nf3 d5 6. Nbd2 dxe4 7. Nxe4 Nbd7 8. Bg5 Be7 9. Nxf6+ Nxf6 10. O-O-O h6 11.
Bh4 Bxf3 12. Qxf3 Qd5 13. Bb5+ Kf8 14. Bc6 Qxf3 15. Bxf3 Rd8 16. Bg3 Bd6 17. Be5 Ke7 18. c4 Bxe5 19. dxe5 Nd7 20. Rhe1 Nc5 21. Kc2 a5 22. b3 g5 23. a3 Rxd1 24. Rxd1 Rd8 25. Rxd8 Kxd8 26. Bc6 Na6 27. Kc3 Nb8 28. Bf3 c5 29. Kd3 Ke7 30. Bb7 f5 31. exf6+ Kxf6 32. Kc3 Nd7 33. b4 axb4+ 34. axb4 Ne5 35. f3 Ng6 36. g3 Ke5 37. Bc8 Ne7 38. Bb7 Nf5 39. bxc5 bxc5 40. Kd3 h5 41. Bc6 h4 42. g4 Ne7 43.
Bb7 Ng6 44. Ke3 Nf4 45. Bc8 Ng2+ 46. Kf2 Nf4 47. Ke3 Ng6 48. Bd7 Ne7 49. Be8 Nc8 50. Bd7 Nd6 51. Bb5 Nb7 52. Ba6 Na5 53. Bb5 Nb3 54.
Ba6 Nd4 55. Bb7 Nc2+ 56. Kd3 Nb4+ 57. Ke3 Nc2+ 58. Kd3 Nd4 59. Ke3 Kf6 60. Ke4 Nc2 61. f4 Nd4 62. fxg5+ Kxg5 63. h3 Kf6 64. Bc8 Ne2 65.
g5+ Kxg5 66. Bxe6 Nf4 67. Bg4 Ng6 68. Kd5 Kf4 69. Kxc5 Ne5 70. Be6 Nxc4 71. Kxc4 Kg5 72.
Bg4 Kh6 73. Kd5 Kg7 74. Ke5 Kh8 75. Kf5 Kg8 76. Kg5 Kh8 77. Kxh4 Kg8 78. Kg5 Kh8 79. Kh6 Kg8 80. h4 Kh8 81. h5 Kg8 82. Be6+ Kh8 83.
Kg6 1/2-1/2

[Event "Early-Titled-Tuesday-Blitz-April-02-2024"]
[Site "Chess.com"]
[Date "2024.04.02"]
[Round "6"]
[White "Englishman_18"]
[Black "Shahdad2007"]
[Result "0-1"]
[WhiteElo "2274"]
[BlackElo "2578"]
[TimeControl "180+1"]
[EndTime "9:08:20 PDT"]
[Termination "Shahdad2007 won on time"]

1. Nf3 Nf6 2. c4 b6 3. Nc3 Bb7 4. g3 g6 5. Bg2 Bg7 6. b3 O-O 7.
O-O c5 8. d4 cxd4 9. Qxd4 Nc6 10. Qd3 Nb4 11. Qd2 d5 12. cxd5 Nbxd5 13. Bb2 Nxc3 14. Bxc3 Rc8 15. Qb2 Rxc3 16. Qxc3 Ne4 17. Qe3 Bxa1 18. Rxa1 Qc7 19. Rc1 Qb8 20. Nd4 Nc5 21. Nc6 Bxc6 22. Bxc6 Qd6 23. Bg2 Rd8 24. Bf3 Kg7 25. h4 Qd4 26. Qxe7 Rd7 27. Qe8 Qd2 28. Rf1 Qd6 29. Kg2 Re7 30. Qc8 Ne6 31. Qc3+ f6 32.
e3 g5 33. Rd1 Qb8 34. h5 Qc7 35. Qb2 Rd7 36. h6+ Kf7 37. Bh5+ Ke7 38. Rc1 Qd6 39. Bf3 Rc7 40. Rd1 Qe5 41. Qb1 f5 42. Rd5 Qf6 43. Qxf5 Qxf5 44. Rxf5 Rc2 45. Re5 Kf6 46. Rd5 Rxa2 47.
Rd7 Nf8 48. Rd6+ Ke7 49. Rc6 Kd7 50. Rc3 Kd6 51. Rc6+ Kd7 52. Rf6 Ke7 53. Rf5 Ne6 54. Bg4 Nc5 55. Rxg5 Rxf2+ 56. Kxf2 Ne4+ 57. Kf3 Nxg5+ 58. Kf4 Kf6 59. e4 Nf7 60. Bf5 Nxh6 61. Bxh7 Nf7 62. g4 a5 63. Bg8 Nd8 64. g5+ Kg7 65. Bc4 Nc6 66. Kf5 Nd4+ 67. Ke5 Nf3+ 68. Kf4 Nd2 69. e5 Nxc4 70. e6 a4 0-1

[Event "Early-Titled-Tuesday-Blitz-April-02-2024"]
[Site "Chess.com"]
[Date "2024.04.02"]
[Round "6"]
[White "kachsona"]
[Black "LeoWin2012"]
[Result "1-0"]
[WhiteElo "2609"]
[BlackElo "2330"]
[TimeControl "180+1"]
[EndTime "9:08:23 PDT"]
[Termination "kachsona won by checkmate"]

1. e4 c5 2. Nf3 d6 3. d4 cxd4 4. Qxd4 Nc6 5. Qe3 g6 6. c4 a5 7. h3 Bd7 8. Be2 a4 9. O-O Bg7 10. Nc3 Nf6 11. Rb1 O-O 12. Rd1 Ne8 13. Nd5 Be6 14.
Ng5 Bxd5 15. exd5 Nb4 16. a3 Na6 17. Bg4 Nc5 18. h4 Nf6 19. Bh3 Nfd7 20. Bd2 Ne5 21. Qe2 h6 22. Ne4 Nxe4 23. Qxe4 h5 24. Bc3 Qc7 25. Rbc1 Nd7 26. Bxg7 Kxg7 27. Qxe7 Rad8 28. Be6 Kg8 29. c5 dxc5 30. Bxd7 Rxd7 31. Qxc5 Qe5 32. Qd4 Qf5 33. Qxa4 Rxd5 34. Rxd5 Qxd5 35. Qc4 Qe5 36. Qc3 Qf4 37. g3 Qf5 38. Qd4 Re8 39. Kg2 Kh7 40. Rc7 Re2 41. Rxb7 Re4 42. Qd7 Qxd7 43. Rxd7 Kg7 44. b4 Re2 45. Rd3 Kf6 46. Rb3 Ke6 47.
b5 Kd7 48. b6 Kc8 49. b7+ Kb8 50. Kf3 Re5 51. Kf4 Rf5+ 52. Ke3 Re5+ 53. Kd4 Rf5 54. f4 f6 55. Rb6 Ra5 56. Rxf6 Kxb7 57. Rxg6 Rxa3 58. Ke5 Kc7 59. f5 Kd7 60. Kf6 Rf3 61.
Rg7+ Ke8 62. Rg8+ Kd7 63. Rg5 Ke8 64. Kg7 Ke7 65. f6+ Ke6 66. Rg6 Rf2 67. f7+ Ke7 68.
f8=Q+ Rxf8 69. Re6+ Kxe6 70. Kxf8 Kf5 71. Kg7 Kg4 72. Kg6 Kxg3 73. Kxh5 Kf4 74. Kg6 Ke5 75. h5 Ke6 76. h6 Ke7 77. h7 Kf8 78. h8=Q+ Ke7 79.
Qe5+ Kd7 80. Qf6 Kc8 81. Qe7 Kb8 82. Qd7 Ka8 83. Kf5 Kb8 84. Ke5 Ka8 85. Kd5 Kb8 86. Kc5 Ka8 87. Kb6 Kb8 88. Qd8# 1-0

[Event "Early-Titled-Tuesday-Blitz-April-02-2024"]
[Site "Chess.com"]
[Date "2024.04.02"]
[Round "6"]
[White "FREDERICKtheMATE"]
[Black "the_chess_child"]
[Result "1-0"]
[WhiteElo "2695"]
[BlackElo "2824"]
[TimeControl "180+1"]
[EndTime "9:08:25 PDT"]
[Termination "FREDERICKtheMATE won by resignation"]

1. Nf3 Nf6 2. d4 g6 3. c4 Bg7 4. Nc3 O-O 5. e4 d6 6. Be2 e5 7. Be3 Ng4 8. Bg5 f6 9. Bc1 Nc6 10.
h3 Nh6 11. O-O Kh8 12. d5 Ne7 13. Rb1 a5 14. a3 c5 15. b4 axb4 16. axb4 b6 17.
Nb5 Nf7 18. Bd3 f5 19. Ng5 Nxg5 20. Bxg5 f4 21. Ra1 Rxa1 22. Qxa1 h6 23. Bxe7 Qxe7 24. bxc5 bxc5 25. f3 Qg5 26. Kh1 Rd8 27. Qb2 Qe7 28.
Ra1 g5 29. Ra7 Bd7 30. Qa3 h5 31. Qa6 Bf8 32. Nc7 g4 33. Ne6 Qh4 34. fxg4 Qe1+ 35.
Kh2 hxg4 36. hxg4 Qg3+ 37. Kh1 Qxd3 38. Nxf8 Qf1+ 39. Kh2 f3 40. Ng6+ Kg7 41. Nh4 fxg2 42. Nxg2 Qf2 43. Rxd7+ Rxd7 44. Qc8 Rf7 45. Qe6 Qf6 46. Qe8 Rf8 47. Qd7+ Kh6 48. Kg3 Qf2+ 49. Kh3 Rh8 50. Qe7 Kg6+ 51. Nh4+ Rxh4+ 52. Qxh4 Qf3+ 53. Kh2 Qxe4 54. Qh5+ Kg7 55. g5 Qf4+ 56. Kg2 Qe4+ 57. Kf2 Qg6 58. Qg4 Qc2+ 59. Kg3 Kg6 60. Qe6+ Kxg5 61. Qe7+ Kh5 62. Qxd6 Qxc4 63. Qxe5+ Kg6 64.
d6 Qd3+ 65. Kf4 Qd2+ 66. Kf3 c4 67. Qe6+ Kg5 68. d7 Qd1+ 69. Ke4 Qd3+ 70. Ke5 Qg3+ 71.
Kd5 Qd3+ 72. Kc6 c3 73. Qe7+ Kf4 74. d8=Q Qc4+ 75. Qc5 Qe4+ 76. Qdd5 Qe8+ 77. Kb6 Qb8+ 78. Ka5 c2 79. Qcc4+ Kg3 80. Qdd3+ Kh2 81. Qcxc2+ 1-0

[Event "Early-Titled-Tuesday-Blitz-April-02-2024"]
[Site "Chess.com"]
[Date "2024.04.02"]
[Round "6"]
[White "kingandqueen2017"]
[Black "kritipatel"]
[Result "1-0"]
[WhiteElo "2488"]
[BlackElo "2248"]
[TimeControl "180+1"]
[EndTime "9:08:25 PDT"]
[Termination "kingandqueen2017 won by checkmate"]

1. d4 d5 2. c4 e6 3. Nf3 Nf6 4. Nc3 Be7 5. g3 O-O 6. Bg2 b6 7. cxd5 exd5 8. O-O Bb7 9. Bf4 c5 10. Rc1 Nc6 11. dxc5 bxc5 12. Na4 Qa5 13. b3 Rac8 14. Bh3 Rcd8 15. Bd2 Qb5 16. Re1 d4 17. Bg2 Ne4 18. Qc2 f5 19. Bf1 Qb6 20. Bf4 Ba6 21. Nd2 Nxd2 22. Bxd2 Rc8 23. Nxc5 Nb4 24.
Bxb4 Qxb4 25. Nxa6 Rxc2 26. Nxb4 Rxc1 27. Rxc1 Bxb4 28.
Rc7 a5 29. Bg2 Bc3 30. Bd5+ Kh8 31. Bc4 Re8 32. Kg2 h6 33. h4 Kh7 34. h5 Re5 35. Bf7 g5 36. hxg6+ Kg7 37. Kf3 Kf6 38. Rc6+ Kg7 39. Rc8 Kf6 40. Rg8 Re7 41. Rh8 Bd2 42. Rc8 Bc3 43. Rc6+ Kg7 44. Rc5 Kf6 45. Rd5 Rc7 46. e3 dxe3 47. fxe3 Re7 48. Rd6+ Kg7 49. Rd5 Bd2 50. Rxf5 Rxe3+ 51. Kg4 Re4+ 52. Kh3 Re7 53.
Rd5 Bb4 54. Rd8 Kf6 55. Rh8 Bd2 56. Rh7 Rc7 57. Bc4 Rxh7 58. gxh7 Kg7 59. Bd3 Bc3 60.
Kg4 Bb4 61. Kf5 Be7 62. Ke6 Bb4 63. g4 Bd2 64. Bf5 Bc3 65. Kd5 Bb4 66. Kc4 Bd6 67. Kb5 Bb4 68. a3 Bxa3 69. Kxa5 Bb2 70. b4 Be5 71. b5 Bb8 72. b6 h5 73. g5 h4 74. b7 h3 75. g6 h2 76. Be4 Be5 77.
Ka6 Bb8 78. Kb6 Kh8 79. Kc6 Kg7 80. Kd7 Be5 81. Kc8 h1=Q 82. Bxh1 Kxg6 83. h8=Q Bxh8 84. b8=Q Bf6 85. Kd7 Kg5 86. Qb7 Kg4 87. Ke6 Bg5 88. Qe4+ Bf4 89. Bf3+ Kg3 90. Kf5 Bd6 91. Qg4+ Kf2 92.
Ke4 Ke1 93. Qg2 Bb4 94. Qe2# 1-0

[Event "Early-Titled-Tuesday-Blitz-April-02-2024"]
[Site "Chess.com"]
[Date "2024.04.02"]
[Round "6"]
[White "RobertoJBM"]
[Black "Shield12"]
[Result "0-1"]
[WhiteElo "2804"]
[BlackElo "3026"]
[TimeControl "180+1"]
[EndTime "9:08:30 PDT"]
[Termination "Shield12 won on time"]

1. d4 Nf6 2. Nf3 e6 3. e3 b6 4. Bd3 Bb7 5. O-O c5 6. Qe2 Be7 7. c3 d5 8. Nbd2 O-O 9. e4 cxd4 10. Nxd4 Nc6 11. e5 Nd7 12. f4 Nc5 13. Bb5 Nxd4 14.
cxd4 Ne4 15. Bd3 f5 16. exf6 Bxf6 17. Nf3 Qe7 18. Be3 Rac8 19. Rac1 Nd6 20. Ne5 Nf5 21. Bf2 Rfd8 22. Rfe1 Re8 23. Rxc8 Rxc8 24. Ng4 Nxd4 25. Nxf6+ Qxf6 26. Qh5 g6 27. Qg4 Rf8 28. g3 Bc8 29. Qd1 Nf5 30. Qe2 Bd7 31. b3 Rc8 32. Qd2 Nd4 33.
Kg2 Nc6 34. Bb5 Nb8 35. Be2 Qc3 36. Rd1 Qxd2 37. Rxd2 Nc6 38. Bb5 Ne5 39. Be2 Nf7 40. Bd4 Nd6 41. Bd3 Bb5 42. Bc2 Kf7 43. Kf3 Ba6 44. a4 Bb7 45. g4 b5 46. Be5 Ke7 47. a5 b4 48. Bd3 Kd7 49. h4 Bc6 50. h5 Bb5 51. Bc2 gxh5 52. gxh5 h6 53. Bg7 Nf7 54.
Bg6 Ke7 55. f5 Ng5+ 56. Kf4 Ne4 57. Rg2 Rc1 58. Ke5 exf5 59. Bxf5 Re1 60. Kd4 Nd6 61.
Bc2 Rh1 62. Bg6 Rh4+ 63. Kc5 a6 64. Rf2 Rh3 65. Bf6+ Ke6 66. Bg7 Ne4+ 67. Bxe4 dxe4 68. Bxh6 Rxh5+ 69. Kd4 Rxh6 70. Kxe4 Rh4+ 71. Ke3 Rh3+ 72. Kd4 Rxb3 73. Kc5 Rb1 74. Rf4 b3 75. Rb4 b2 76.
Kb6 Kd5 77. Rb3 Kc4 0-1

[Event "Early-Titled-Tuesday-Blitz-April-02-2024"]
[Site "Chess.com"]
[Date "2024.04.02"]
[Round "6"]
[White "valik3504"]
[Black "atalz0"]
[Result "1/2-1/2"]
[WhiteElo "2542"]
[BlackElo "2381"]
[TimeControl "180+1"]
[EndTime "9:08:30 PDT"]
[Termination "Game drawn - insufficient material"]

1. d4 d5 2. c4 Bf5 3. cxd5 Bxb1 4. Qa4+ c6 5. Rxb1 Qxd5 6. f3 e5 7. dxe5 Nd7 8. e4 Qxe5 9. Be3 Bc5 10. Qb3 Bxe3 11.
Qxe3 Qa5+ 12. Qc3 Qxa2 13. Rd1 Ngf6 14. Bc4 Qa4 15. e5 Nd5 16. Bxd5 cxd5 17. Rxd5 O-O 18. b3 Qh4+ 19. g3 Qe7 20. f4 Rac8 21. Qd2 Nb6 22. Rd4 Qa3 23. Ne2 Qxb3 24. O-O Nc4 25. Qd3 Qxd3 26. Rxd3 Rfd8 27. Nd4 g6 28. Rf2 a6 29. f5 Nxe5 30. Rdd2 gxf5 31. Nxf5 Rxd2 32. Rxd2 Re8 33. Nd6 Rd8 34. Rd5 Ng6 35. Rd4 Ne7 36. Rd2 Kf8 37.
Rd4 Nc8 38. Nf5 Rxd4 39. Nxd4 b5 40. Kf2 Nd6 41. Ke3 Ke7 42. Kd3 Kd7 43. Nf3 Kc7 44. Kd4 Kc6 45. Ne5+ Kb6 46. Nd7+ Kc7 47. Nf6 h6 48.
Kc5 a5 49. Nd5+ Kd7 50. Nb6+ Ke6 51. Na8 b4 52. Nc7+ Ke5 53. Nd5 b3 54. Nf4 Ne4+ 55. Kc4 b2 56. Nd3+ Kf5 57. Nxb2 Kg4 58. Kd5 Nf2 59. Ke5 Kh3 60. Kf6 Kxh2 61. Kxf7 Kxg3 62. Kg6 Ng4 63. Kh5 Kf4 64. Nd3+ Ke3 65. Nc5 Kf4 66. Nd3+ Kf5 67. Nc5 Nf6+ 68. Kxh6 Ne4 69. Na4 Ke5 70. Kh5 Kd5 71. Kg4 Kc4 72. Nb2+ Kc3 73. Na4+ Kb4 74.
Nb6 Nd6 75. Kf4 Nc4 76. Nd5+ Kc5 77. Nc3 Kb4 78. Nb1 Kb3 79. Ke4 a4 80. Kd4 Kb2 81.
Kxc4 Kxb1 82. Kb4 a3 83. Kxa3 1/2-1/2

[Event "Early-Titled-Tuesday-Blitz-April-02-2024"]
[Site "Chess.com"]
[Date "2024.04.02"]
[Round "6"]
[White "WiktoriaPOL"]
[Black "GP9isback23"]
[Result "0-1"]
[WhiteElo "2341"]
[BlackElo "2609"]
[TimeControl "180+1"]
[EndTime "9:08:35 PDT"]
[Termination "GP9isback23 won by checkmate"]

1. c4 e6 2. Nc3 d5 3. cxd5 exd5 4.
d4 Nf6 5. Bg5 Be7 6. e3 O-O 7.
Bd3 Be6 8. Qc2 h6 9. Bh4 Nbd7 10. Nge2 c5 11. O-O Rc8 12. Nf4 a6 13. Nxe6 fxe6 14.
Bg6 Ng4 15. Bxe7 Qxe7 16. h3 Ngf6 17. Qe2 e5 18. dxc5 Nxc5 19. Rad1 Rcd8 20. b4 Ne6 21. a3 Qc7 22. Rc1 Qe7 23. Qa2 Kh8 24. Rfe1 Ng5 25.
Rcd1 Qe6 26. h4 Nh3+ 27. gxh3 Qxh3 28. f3 Qxf3 29. Qg2 Qxg2+ 30. Kxg2 Rd6 31. h5 Rfd8 32.
Rd2 Kg8 33. Red1 Kf8 34. Na4 b6 35. Nc3 Ke7 36. Ne2 Ke6 37. Ng3 Rc6 38. Bf5+ Ke7 39. Bg6 Rc3 40. Nf5+ Kf8 41. Rd3 Rc2+ 42. R1d2 Rc4 43. Kg3 Ne4+ 44. Kf3 Nxd2+ 45. Rxd2 Rc6 46. Rd1 Rf6 47. Kg3 d4 48. exd4 exd4 49. Rxd4 Rxd4 50.
Nxd4 Rd6 51. Nf5 Rd3+ 52. Kf4 Rxa3 53. Ke5 Ra4 54. b5 axb5 55. Kd5 Rc4 56. Nd6 Rc5+ 57. Kd4 Rg5 58. Ne4 Rg4 59. Kd3 b4 60. Kc4 Ke7 61.
Kxb4 Ke6 62. Kb5 Ke5 63. Nc3 Kd4 64. Ne2+ Ke3 65. Nc1 Rg5+ 66. Kxb6 Kf4 67. Nd3+ Ke3 68. Kc6 Rxg6+ 69. hxg6 Kxd3 70. Kd6 h5 71. Ke6 h4 72. Kf7 h3 73. Kxg7 h2 74. Kf7 h1=Q 75. g7 Qd5+ 76. Kf8 Qf5+ 77. Ke7 Qe5+ 78. Kf7 Qf5+ 79. Ke7 Qg6 80. Kf8 Qf6+ 81. Kg8 Ke4 82. Kh7 Qh4+ 83. Kg6 Qg4+ 84. Kf7 Qf5+ 85. Ke7 Qg6 86.
Kf8 Qf6+ 87. Kg8 Kf5 88. Kh8 Kg6 89. Kg8 Qxg7# 0-1

[Event "Early-Titled-Tuesday-Blitz-April-02-2024"]
[Site "Chess.com"]
[Date "2024.04.02"]
[Round "6"]
[White "sebsep"]
[Black "Cheer_Down"]
[Result "0-1"]
[WhiteElo "2610"]
[BlackElo "2457"]
[TimeControl "180+1"]
[EndTime "9:08:36 PDT"]
[Termination "Cheer_Down won by resignation"]

1. e4 e5 2. Nf3 Nc6 3. Bc4 Nf6 4.
d3 Bc5 5. c3 O-O 6. Bg5 h6 7. Bh4 Be7 8. a4 d6 9. O-O Nh5 10. Bg3 Nxg3 11. hxg3 Be6 12. Bxe6 fxe6 13. Nbd2 Qd7 14. Qe2 a6 15. a5 Qe8 16. Rfe1 Qh5 17.
Nc4 Rf7 18. Ne3 Raf8 19. b4 Ra8 20. Ra2 Rff8 21. Rb1 Rfb8 22. c4 Qg6 23. Qe1 Nd4 24. Nxd4 exd4 25. Nf1 Bf6 26. b5 h5 27. Rab2 Rf8 28.
bxa6 bxa6 29. Qe2 Bd8 30. Rb8 Rxb8 31. Rxb8 Bf6 32. Rxf8+ Kxf8 33. Qd2 Qe8 34. Qb4 Qc6 35. Nh2 Kf7 36. Nf3 Kg6 37. Kh2 Kf7 38. Nd2 Be5 39.
Nb3 h4 40. Nd2 hxg3+ 41. fxg3 Qe8 42. Nf3 Qh8+ 43. Kg1 Bxg3 44. Qb7 Qh6 45. Qb1 Qe3+ 46. Kh1 Qf2 47. Qd1 Kg6 48. Ng1 Qf4 49. Nf3 Qe3 50.
Ng1 Kf7 51. Qh5+ Ke7 52. Qd1 Qh6+ 53. Nh3 Qe3 54. Ng1 Qe1 55. Qxe1 Bxe1 56. Nf3 Bxa5 57. Nxd4 Bb6 58. Nb3 a5 59. Kh2 a4 60. Nc1 Be3 61. Na2 Bd2 62. Kg3 Kf6 63. Kf3 c5 64. Ke2 Bb4 65.
Ke3 Ke5 66. Nc1 a3 67. Na2 Kf6 68. Nc1 Kg5 69. Kf3 Kf6 70. Na2 Ke7 71. Ke3 Kd7 72. Kf4 Kc6 73. e5 d5 74. Kg5 dxc4 75. dxc4 Bd2+ 76.
Kg6 Bh6 77. Kf7 Kd7 78. Nc3 Bf4 79. Na2 Bxe5 80. g4 Bd4 81. Kg6 Kd6 82. Kg5 Ke5 83. Kg6 Ke4 84. Kf7 Kd3 85. Kxe6 Kxc4 86. g5 Kb3 0-1

[Event "Early-Titled-Tuesday-Blitz-April-02-2024"]
[Site "Chess.com"]
[Date "2024.04.02"]
[Round "6"]
[White "Vahe_Danielyan"]
[Black "lilleper1"]
[Result "1/2-1/2"]
[WhiteElo "2632"]
[BlackElo "2913"]
[TimeControl "180+1"]
[EndTime "9:08:42 PDT"]
[Termination "Game drawn by repetition"]

1. e4 c5 2. Nc3 d6 3. d4 cxd4 4.
Qxd4 Nc6 5. Qd2 Nf6 6. b3 e6 7. Bb2 d5 8. exd5 exd5 9. O-O-O Be6 10. Nf3 Qa5 11. Nb5 Qxd2+ 12. Rxd2 O-O-O 13. Nfd4 Ne4 14. Re2 a6 15. Nxc6 bxc6 16. Nd4 Bd7 17. f3 Nf6 18. Rd2 Kb7 19. Bd3 Bb4 20. c3 Bd6 21. g3 Rhe8 22. Rhd1 Re3 23. b4 Rde8 24. Rf1 h5 25. Nb3 Bh3 26.
Rff2 Re1+ 27. Kc2 Nd7 28. Rde2 R8xe2+ 29. Rxe2 Rh1 30. a3 Bf1 31. Na5+ Kb6 32. Rf2 Bxd3+ 33. Kxd3 Ne5+ 34. Kc2 Bc7 35. c4 Nxc4 36. Nxc4+ dxc4 37. Bxg7 Kb5 38. Re2 Bd6 39. Be5 Bf8 40. Bb2 c5 41.
bxc5 Bxc5 42. h4 Rg1 43. g4 hxg4 44. fxg4 Rxg4 45. Rh2 Bd6 46. Rh1 Rg2+ 47. Kb1 Ka4 48. h5 Kb3 49. Rh3+ Bg3 50. h6 Rxb2+ 51. Kc1 Rh2 52.
Rxg3+ c3 53. Kd1 Rh1+ 54. Ke2 Rxh6 55. Rf3 Re6+ 56. Kd3 Rd6+ 57. Ke2 Kb2 58. Rxf7 c2 59. Rb7+ Kxa3 60. Rc7 Kb2 61. Rb7+ Ka2 62. Rc7 Kb3 63. Rb7+ Ka3 64. Rc7 Kb3 65. Rb7+ Ka4 66. Rc7 Kb4 67. Rxc2 a5 68. Rc8 a4 69. Rb8+ Kc3 70. Rc8+ Kb2 71. Rb8+ Ka2 72. Rb7 a3 73. Rb8 Ka1 74. Rb7 a2 75. Rb8 Rh6 76. Kd2 Rh1 77. Kc2 Rb1 78.
Rh8 Rg1 79. Rf8 Rg2+ 80. Kc1 Rg7 81. Rb8 Rc7+ 82. Kd2 Rd7+ 83. Kc2 Rc7+ 84. Kd2 Rh7 85. Kc2 Rh2+ 86. Kc1 Rh1+ 87. Kc2 Rb1 88. Rh8 Rb2+ 89. Kc1 Rb4 90. Rc8 Rb5 91. Rc7 Rh5 92. Rc8 Rh2 93. Rb8 Rh1+ 94. Kc2 1/2-1/2

[Event "Early-Titled-Tuesday-Blitz-April-02-2024"]
[Site "Chess.com"]
[Date "2024.04.02"]
[Round "6"]
[White "dosto07"]
[Black "dodorox"]
[Result "0-1"]
[WhiteElo "2446"]
[BlackElo "2188"]
[TimeControl "180+1"]
[EndTime "9:08:54 PDT"]
[Termination "dodorox won on time"]

1. e4 e6 2. d4 d5 3. Nd2 dxe4 4. Nxe4 Nf6 5. Nxf6+ Qxf6 6. Nf3 h6 7. Bd3 c5 8. Be3 Nd7 9. Qd2 Be7 10. h4 cxd4 11.
Bxd4 e5 12. Bc3 O-O 13. O-O-O Re8 14. Qe2 Bf8 15. g4 Qf4+ 16. Bd2 Qxg4 17. Rhg1 Qh5 18. Bb5 e4 19. Bc3 Qxf3 20. Qxf3 exf3 21. Bxd7 Bxd7 22. Rxd7 Re2 23. Bd4 b5 24. Kd1 Rc8 25. Rg3 Rcxc2 26. Rxf3 Red2+ 27. Ke1 Bb4 28. Kf1 Bc5 29. Rf4 Bxd4 30.
Rdxd4 Rxd4 31. Rxd4 Rxb2 32. Rd8+ Kh7 33. Rd7 a5 34. a3 Rb3 35. Rb7 b4 36. axb4 Rxb4 37. Rxf7 Rxh4 38. Ra7 Ra4 39. Kg2 Ra3 40. f4 a4 41. Ra6 Kg8 42. f5 Kf7 43. Ra7+ Kf6 44. Ra5 h5 45. Kh2 h4 46. Kg2 h3+ 47. Kh2 Kg5 48.
Ra7 Kxf5 49. Rxg7 Kf4 50. Re7 Re3 51. Ra7 a3 52. Ra4+ Kf3 53. Kxh3 Ke2+ 54. Kg4 Kd2 55.
Kf4 Re7 56. Ra5 Kc3 57. Rc5+ Kb4 58. Rc8 Kb3 59. Rb8+ Ka2 60. Ra8 Kb2 61. Rb8+ Ka1 62.
Ra8 a2 63. Kf3 Rc7 64. Rb8 Rc2 65. Ke3 Rb2 66. Rh8 Kb1 67. Rh1+ Kc2 68. Rh2+ Kb3 69.
Rh8 a1=Q 70. Rb8+ Kc2 71. Rc8+ Kb1 72. Rc3 Qa7+ 73. Kd3 Qd7+ 74. Kc4 Qe7 75. Rd3 Qc7+ 76. Kd4 Qd7+ 77. Ke3 Qxd3+ 78. Kxd3 Rb8 79. Kc4 Rh8 80. Kd5 Rh4 81. Ke5 Kc2 82. Kf5 Ra4 83. Kg5 Kd3 84. Kf5 Ke3 85. Ke5 Ra5+ 86. Kd6 Ke4 87. Kc6 Rh5 88.
Kd6 Rg5 89. Ke6 Rg6+ 90. Kf7 Ra6 91. Ke7 Kd5 92. Kd7 Ra7+ 93. Kc8 Kd6 94. Kb8 Rh7 95. Ka8 Rg7 96. Kb8 Kc6 97. Ka8 Kb6 0-1

[Event "Early-Titled-Tuesday-Blitz-April-02-2024"]
[Site "Chess.com"]
[Date "2024.04.02"]
[Round "6"]
[White "Aradhya2000"]
[Black "dropstoneDP"]
[Result "1/2-1/2"]
[WhiteElo "2757"]
[BlackElo "2994"]
[TimeControl "180+1"]
[EndTime "9:08:58 PDT"]
[Termination "Game drawn - insufficient material"]

1. d4 d5 2. c4 dxc4 3. Nf3 Nf6 4. e3 e6 5. Bxc4 a6 6. O-O c5 7. Nbd2 cxd4 8. Nxd4 Bc5 9. N4f3 b5 10. Be2 Bb7 11. a4 Nbd7 12. axb5 axb5 13. Rxa8 Qxa8 14. Bxb5 O-O 15. Qe2 Rd8 16. b3 Nf8 17. Rd1 Qa2 18.
Nf1 Qxe2 19. Bxe2 Rb8 20. N1d2 Bd5 21. Bc4 Bxc4 22. bxc4 N8d7 23. Kf1 Kf8 24. Ke2 Ke7 25. Ne1 Bd6 26. Nd3 Ng4 27. Ne4 Bc7 28. Ba3+ Ke8 29. Nd6+ Bxd6 30. Bxd6 Rc8 31. c5 Ngf6 32. f3 Nd5 33.
Ra1 f6 34. e4 Nc3+ 35. Kd2 Nb5 36. f4 e5 37. fxe5 Nxd6 38. exd6 Nxc5 39. Nxc5 Rxc5 40.
Ra7 Rc6 41. Rxg7 Rxd6+ 42. Ke3 h6 43. Rh7 Kf8 44. Rxh6 Kg7 45. Rh5 Ra6 46. g4 Kg6 47. Kf4 Ra1 48. Rb5 Rh1 49. Rb2 Rf1+ 50. Kg3 Re1 51.
Kf3 Kg5 52. Rb5+ Kg6 53. h4 Rf1+ 54. Ke3 Re1+ 55. Kf3 Rf1+ 56. Kg2 Rf4 57. h5+ Kh6 58.
Rf5 Rxe4 59. Rxf6+ Kg5 60. Rg6+ Kf4 61. h6 Re2+ 62.
Kf1 Rh2 63. Ke1 Ke3 64. Kd1 Kd3 65. Rd6+ Ke4 66. g5 Kf5 67. Rd5+ Kg6 68. Rc5 Rg2 69. Ke1 Rh2 70. Rd5 Ra2 71. Kf1 Rb2 72. Re5 Rc2 73. Ra5 Rb2 74. Ra8 Rb7 75. Rg8+ Kh7 76. Re8 Kg6 77. Re5 Rb2 78. Ke1 Ra2 79. Kd1 Rb2 80.
Re8 Rb7 81. Rf8 Kxg5 82. Rh8 Kg6 83. Kc1 Rh7 84. Rxh7 Kxh7 85. Kd2 Kxh6 1/2-1/2

[Event "Early-Titled-Tuesday-Blitz-April-02-2024"]
[Site "Chess.com"]
[Date "2024.04.02"]
[Round "6"]
[White "ExtremeLearner"]
[Black "Midgardsormur"]
[Result "0-1"]
[WhiteElo "2560"]
[BlackElo "2470"]
[TimeControl "180+1"]
[EndTime "9:08:59 PDT"]
[Termination "Midgardsormur won by resignation"]

1. d4 Nf6 2. c4 g6 3. Nc3 Bg7 4. g3 O-O 5. Bg2 d6 6. Nf3 c5 7. d5 e6 8. O-O exd5 9. cxd5 Re8 10. Bf4 h6 11. Qc1 g5 12. Be3 Bf5 13. h4 g4 14. Nd2 Rxe3 15. fxe3 Bg6 16. Nc4 Qe7 17. a4 Nbd7 18. Nb5 Nh5 19. Qe1 Ne5 20. Ncxd6 a6 21. Nf5 Bxf5 22. Rxf5 axb5 23. Rxh5 bxa4 24. Kh2 Nc4 25. d6 Nxd6 26. Rxc5 Bxb2 27. Ra2 a3 28. Qb4 Qe6 29. Bd5 Qxe3 30. Qxg4+ Kh8 31. Rc2 Rg8 32.
Qf4 Qxf4 33. gxf4 b5 34. e4 b4 35. Rcxb2 axb2 36. Rxb2 Re8 37. Rxb4 Re7 38. Kh3 h5 39.
e5 Nf5 40. Be4 Nh6 41. Rb6 Kg7 42. Rf6 Ng8 43. Rf5 Rc7 44. Rg5+ Kf8 45. Rxh5 Rc4 46. Bf3 Rxf4 47. Bg4 Re4 48. Rf5 Ne7 49. Rh5 Nc6 50. Rh8+ Ke7 51. Ra8 Nxe5 52. Bf5 Rf4 53. Ra7+ Kf6 54.
Bc8 Rf3+ 55. Kg2 Rc3 56. Ra6+ Kg7 57. Bb7 Ng6 58. h5 Nf4+ 59. Kf2 Nxh5 60. Bd5 Nf6 61.
Ba2 Rc2+ 62. Ke3 Rc7 63. Kf4 Rd7 64. Kg5 Ne4+ 65. Kf4 Nc5 66. Ra5 Rc7 67. Bd5 Nd3+ 68. Ke4 Nb4 69. Ke5 Re7+ 70. Kd6 Re1 71. Bc4 Rc1 72.
Kc5 Nd3+ 73. Kd4 Nf4 74. Ra7 Rd1+ 75. Ke3 Nd5+ 76. Ke2 Nc3+ 77. Kf2 Rd4 78. Re7 Rxc4 79. Ke3 Rc6 80. Kd3 Nb5 81. Rb7 Nd6 82. Ra7 Nb5 83.
Rb7 Nc7 84. Ra7 Ne6 85. Ke3 Kf6 86. Kf3 Rd6 87. Kg4 Rc6 88. Kf3 Rc7 89. Ke4 Rxa7 0-1